 Dungeon Crawl Stone Soup version 0.31-a0-1009-g454b1f1e0a (webtiles) character file.

Game seed: 15394769615757661905

420 Dirtsage the Chopper (level 6, 0/47 HPs)
             Began as a Demonspawn Berserker on Nov 14, 2023.
             Was a Follower of Trog.
             Slain by an orc
             ... wielding a +0 hand axe
              (5 damage)
             ... on level 3 of the Dungeon.
             The game lasted 00:03:36 (2368 turns).

Dirtsage the Chopper (Demonspawn Berserker)         Turns: 2368, Time: 00:03:36

Health: 0/47       AC:  7    Str: 19    XL:     6   Next: 62%
Magic:  6/6        EV: 10    Int:  9    God:    Trog [*.....]
Gold:   144        SH:  0    Dex: 12    Spells: 5/5 levels left

rFire   . . .        a - +0 hand axe
rCold   . . .        (no shield)
rNeg    . . .        d - +0 scale mail
rPois   .            k - +0 helmet
rElec   .            (no cloak)
rCorr   .            (no gloves)
SInv    .            (no boots)
Will    .....        (no amulet) Stlth
                     (no ring)
HPRegen 0.27/turn    (no ring)
MPRegen 0.10/turn

%: no passive effects
@: on berserk cooldown, hasted, very quick
A: demonic touch 1
a: Renounce Religion, Berserk


You were on level 3 of the Dungeon.
You worshipped Trog.
Trog was aware of your devotion.
You visited 1 branch of the dungeon, and saw 5 of its levels.

You collected 144 gold pieces.

Inventory:

Hand Weapons
 a - a +0 hand axe (weapon)
Armour
 b - a +0 animal skin
 d - a +0 scale mail (worn)
 k - a +0 helmet (worn)
Wands
 m - a wand of iceblast (6)
 o - a wand of paralysis (9)
Scrolls
 c - 2 scrolls of identify {unknown}
 g - a scroll of revelation {unknown}
 h - a scroll of poison {unknown}
 i - a scroll of silence {unknown}
 j - a scroll of butterflies {unknown}
 l - a scroll of vulnerability {unknown}
 n - a scroll of teleportation {unknown}
Potions
 e - a potion of heal wounds {unknown}


   Skills:
 - Level 3.0 Fighting
 + Level 6.9 Axes
 - Level 1.7 Armour
 - Level 1.7 Dodging


You had 5 spell levels left.
You didn't know any spells.
Your spell library contained the following spells:

 Spells                   Type           Power      Damage    Failure   Level
 Magic Dart               Conj           0%         1d3       77%         1
 Sting                    Tmut/Pois      0%         1d3       77%         1
 Call Imp                 Summ           0%         N/A       88%         2
 Poisonous Vapours        Pois/Air       0%         N/A       88%         2
 Mephitic Cloud           Conj/Pois/Air  0%         N/A       98%         3
 Olgreb's Toxic Radiance  Pois           0%         N/A       100%        4


Dungeon Overview and Level Annotations

Branches:
Dungeon (5/15)             Temple (0/1) D:4

Altars:
Hepliaklqana
Xom
Yredelemnul


Innate Abilities, Weirdness & Mutations

Your touch may inflict minor irresistible damage on your foes.


Message History

* * * LOW HITPOINT WARNING * * *
You take 3 damage, and have 12/47 hp.
The orc attacks as it pursues you! The orc closely misses you.
The orc throws a boomerang.
The boomerang completely misses you. The orc attacks as it pursues you!
The orc barely misses you. The orc barely misses you. x2
There is a stone staircase leading down here.
The orc closely misses you. The orc hits you with a +0 hand axe.
* * * LOW HITPOINT WARNING * * *
The orc hits you from afar with a +0 trident.
* * * LOW HITPOINT WARNING * * *
You take 6 damage, and have 7/47 hp.
The orc attacks as it pursues you! The orc closely misses you.
The orc hits you with a +0 hand axe.
* * * LOW HITPOINT WARNING * * *
The orc hits you from afar with a +0 trident.
* * * LOW HITPOINT WARNING * * *
You take 4 damage, and have 4/47 hp.
The orc attacks as it pursues you! The orc hits you with a +0 hand axe.
* * * LOW HITPOINT WARNING * * *
The orc attacks as it pursues you! The orc barely misses you.
You feel yourself speed up. The orc closely misses you.
There is a stone staircase leading up here.
It was a potion of haste.
You feel yourself speed up. The kobold closely misses you.
The orc hits you but does no damage. x2
The orc completely misses you.
You hit the kobold but do no damage. You closely miss the orc.
The orc closely misses you. The kobold hits you but does no damage.
The orc closely misses you. The orc barely misses you.
You climb upwards.
There is a stone staircase leading down here.
You closely miss the orc. You hit the kobold.
You kill the kobold!
Trog accepts your kill. The orc hits you but does no damage.
You hit the orc.
The orc is heavily wounded.
The orc hits you with a +0 hand axe.
You die...

######## #....... .
######.###### ...#######
#............ ......o..#
#......###### .......@.#
#......###### ........)#
#......##.... .........#
#......##.###
..........#
#......##.#..
.........###......##.#.#
..................##.#.#
.........#...........#.#
.........#........####.#
... ...#.##.##........#
#.#


You could see an orc.

Vanquished Creatures
  A black bear (D:5)
  A scorpion (D:5)
  3 hounds (D:5)
  A jelly (D:5)
  Terence (D:2)
  3 iguanas (D:5)
  2 adders
  2 worms (D:2)
  2 dart slugs (D:1)
  An orc (D:3)
  4 ball pythons
  An endoplasm (D:1)
  A giant cockroach (D:2)
  3 goblins (D:1)
  2 hobgoblins
  A bat (D:1)
  3 frilled lizards
  7 kobolds
  2 rats (D:1)
41 creatures vanquished.

Notes
Turn   | Place    | Note
-------+----------+-------------------------------------------
     0 | D:1      | Dirtsage the Demonspawn Berserker began the quest for the
                  | Orb.
     0 | D:1      | Reached XP level 1. HP: 18/18 MP: 1/1
   109 | D:1      | Reached skill level 3 in Axes
   166 | D:1      | Gained mutation: Your touch may inflict minor irresistible
                  | damage on your foes. [demonic ancestry]
   166 | D:1      | Reached XP level 2. HP: 17/24 MP: 2/2
   835 | D:2      | Reached XP level 3. HP: 29/29 MP: 3/3
   838 | D:2      | Reached ** piety under Trog
  1064 | D:2      | Found a faded altar of an unknown god.
  1126 | D:2      | Found a hazy altar of Hepliaklqana.
  1183 | D:2      | Reached skill level 4 in Axes
  1257 | D:2      | Noticed Terence
  1268 | D:2      | Killed Terence
  1488 | D:3      | Found a hazy altar of Hepliaklqana.
  1489 | D:3      | Found a shimmering altar of Xom.
  1489 | D:3      | Noticed a hell beast
  1490 | D:3      | Noticed a spectral ugly thing
  1490 | D:3      | Noticed a hell beast
  1627 | D:3      | Reached XP level 4. HP: 34/35 MP: 4/4
  1803 | D:3      | You fall into a shaft and drop 2 floors!
  1803 | D:5      | Entered Level 5 of the Dungeon
  1920 | D:5      | Reached skill level 5 in Axes
  1926 | D:5      | Reached XP level 5. HP: 31/41 MP: 5/5
  2196 | D:5      | Found a basalt altar of Yredelemnul.
  2280 | D:5      | Noticed a black bear
  2284 | D:5      | Killed a black bear
  2285 | D:5      | Reached skill level 6 in Axes
  2285 | D:5      | Reached XP level 6. HP: 47/47 MP: 6/6
  2351 | D:4      | Found a staircase to the Ecumenical Temple.
  2368 | D:3      | Slain by an orc

Illustrated notes

Levels and vault maps discovered:
D:1:      lemuel_arrival_behind_the_door_large, layout_loops_ring
D:2:      layout_basic, basic_altar, shapermc_ecumenical_altar_hornbeckon,
          serial_bayou_pond_c, minmay_misc_feat_rugged,
          chequers_serial_rivers_small_3, amcnicky_mini_pool_small, uniq_terence
D:3:      layout_basic, regret_index_temple_of_mockery,
          minmay_stone_trees_medium
D:4:      layout_rooms, grunt_qazlal_clouds, old_standard_altar,
          minmay_temple_entry_crystal_x, uniq_edmund, uniq_grinder, uniq_robin
D:5:      layout_loops_ring, nicolae_overflow_hidden_temple, minmay_pentangle

Skill      XL: |  1  2  3  4  5 |
---------------+----------------+-----
Axes           | 3 4 5 6 |  6.9
Fighting       | |  3.0
Armour         | |  1.7
Dodging        | |  1.7

Action                     |  1- 3 |  4- 6 || total
---------------------------+-------+-------++-------
  Melee: Hand axe          |    83 |    54 ||   137
         Touch             |     5 |     8 ||    13
 Invoke: Berserk           |     1 |     4 ||     5
    Use: Potion            |       |     1 ||     1
   Stab: Sleeping          |     1 |       ||     1
 Armour: Animal skin       |     7 |       ||     7
         Scale mail        |    29 |    60 ||    89
  Dodge: Dodged            |    46 |    40 ||    86

Table legend: (Time is in decaauts)
 A = Elapsed time spent in this place.
 B = Non-inter-level travel time spent in this place.
 C = Inter-level travel time spent in this place.
 D = Time resting spent in this place.
 E = Time spent auto-exploring this place.
 F = Levels seen in this place.
 G = Mean time per level.
                   A        B        C        D        E       F      G
               +--------+--------+--------+--------+--------+-----+--------+
         Total |   2436 |   2407 |     29 |    173 |   1896 |   5 |  487.2 |
       Dungeon |   2436 |   2407 |     29 |    173 |   1896 |   5 |  487.2 |
               +--------+--------+--------+--------+--------+-----+--------+

Top non-repeatable levels by time:
     D:1: 797 daAuts
     D:2: 710 daAuts
     D:5: 581 daAuts
     D:3: 327 daAuts
     D:4: 19 daAuts
